 Dungeon Crawl Stone Soup version 0.31-a0-354-g827e0957a7 (webtiles) character file.

Game seed: 474416319466817963

144 MacCMillion the Ruffian (level 5, 0/40 HPs)
             Began as a Merfolk Shapeshifter on July 24, 2023.
             Slain by an adder (2 damage)
             ... on level 3 of the Dungeon.
             The game lasted 00:03:27 (2920 turns).

MacCMillion the Ruffian (Merfolk Shapeshifter)      Turns: 2920, Time: 00:03:28

Health: 0/40       AC:  2    Str: 17    XL:     5   Next: 27%
Magic:  5/5        EV: 10    Int:  7    God:
Gold:   83         SH:  0    Dex: 15    Spells: 4/4 levels left

rFire   . .          .
                       - Unarmed
rCold   . . .        (no shield)
rNeg    . . .        a - +0 animal skin
rPois   .            (helmet currently unavailable)
rElec   .            (cloak currently unavailable)
rCorr   .            (gloves currently unavailable)
SInv    .            (boots currently unavailable)
Will    +....        (no amulet)
Stlth   +            (no ring)
HPRegen 0.26/turn    (no ring)
MPRegen 0.09/turn

%: no passive effects
@: mighty, lethally poisoned (0 -> -6), beast-form, enlightened, flying,
constricted
A: beast (slay +2), (nimble swimmer 2), mertail
a: Begin Untransformation


You were on level 3 of the Dungeon.
You were a hulking beast.
You visited 1 branch of the dungeon, and saw 3 of its levels.

You collected 83 gold pieces.

Inventory:

Missiles
 d - 14 poisoned darts
 t - 2 throwing nets
Armour
 a - a +0 animal skin (worn)
Talismans
 c - a beast talisman
Scrolls
 g - 4 scrolls of identify {unknown}
 i - a scroll of fear {unknown}
 m - a scroll of vulnerability {unknown}
 n - a scroll of noise {unknown}
 q - a scroll of teleportation {unknown}
 r - a scroll of poison {unknown}
 s - a scroll of enchant weapon {unknown}
Potions
 b - a potion of lignification
 f - a potion of curing {unknown}
 h - a potion of heal wounds {unknown}
 j - a potion of mutation {unknown}
 k - a potion of ambrosia {unknown}
 l - 2 potions of might
 o - a potion of invisibility {unknown}
 p - 3 potions of attraction {unknown}


   Skills:
 + Level 2.8 Fighting
 + Level 4.1 Dodging
 * Level 5.1 Unarmed Combat
 - Level 4.0 Shapeshifting


You had 4 spell levels left.
You didn't know any spells.
Your spell library contained the following spells:

 Spells                   Type           Power      Damage    Failure   Level
 Magic Dart               Conj           0%         1d3       43%         1
 Call Imp                 Summ           0%         N/A       56%         2
 Searing Ray              Conj           0%         2d4       56%         2
 Mephitic Cloud           Conj/Pois/Air  0%         N/A       80%         3
 Fulminant Prism          Conj/Hex       0%         3d5       99%         4


Dungeon Overview and Level Annotations

Branches:
Dungeon (3/15)

Altars:
Fedhas


Innate Abilities, Weirdness & Mutations

You are a hulking beast.
Your limbs bulge with bestial killing power. (Slay +2)
((You are very nimble when in or above water. (Stealth+, EV+, Speed+++)))
Your lower body shifts to a powerful aquatic tail in water.


Message History

The adder is severely wounded.
You feel sick. The adder bites you but does no damage.
The ball python barely misses you. The ball python constricts you.
You closely miss the adder.
The adder is severely wounded.
You feel sick. The adder bites you.
You are more poisoned.
The adder poisons you! The ball python bites you.
The ball python constricts you.
You hit the adder.
The adder is almost dead.
You feel sick. The adder barely misses you. The ball python misses you.
The ball python constricts you.
You barely miss the adder.
The adder is almost dead.
You feel sick. The adder bites you.
* * * LOW HITPOINT WARNING * * *
The ball python bites you.
* * * LOW HITPOINT WARNING * * *
The ball python constricts you.
* * * LOW HITPOINT WARNING * * *
Unknown command.
It was a potion of might.
You feel very mighty all of a sudden.
You feel sick. The adder barely misses you.
The ball python bites you but does no damage.
The ball python constricts you. The adder bites you.
* * * LOW HITPOINT WARNING * * *
You are lethally poisoned!
The adder poisons you!
It was a potion of enlightenment.
You feel very buoyant.
You fly up into the air.
* * * LOW HITPOINT WARNING * * *
You feel sick. The ball python bites you.
* * * LOW HITPOINT WARNING * * *
The ball python constricts you.
* * * LOW HITPOINT WARNING * * *
The adder bites you.
You die...

#.# #.# #.#
#################
#................
#..##...#....####
#.###...#....#
#.###..##....######
#......###........#
#.....## #...#....#
#Sh.### #...#....#
#S#### ##..##...#
#g.b.# #..####.#
#†.S....# ##.......
....S.... ##......
##........ ###....
#.###g### ####. #.#
o.. ## #.# ...


You could see an adder, a goblin and a ball python.

Vanquished Creatures
  Robin (D:2)
  5 adders (D:3)
  4 dart slugs
  4 bats
  6 endoplasms
  5 giant cockroaches
  11 goblins
  11 hobgoblins
  2 jackals (D:1)
  3 quokkas (D:2)
  5 ball pythons
  3 frilled lizards
  9 kobolds
  6 rats
75 creatures vanquished.

Notes
Turn   | Place    | Note
-------+----------+-------------------------------------------
     0 | D:1      | MacCMillion the Merfolk Shapeshifter began the quest for
                  | the Orb.
     0 | D:1      | Reached XP level 1. HP: 15/15 MP: 1/1
    65 | D:1      | Reached XP level 2. HP: 19/21 MP: 2/2
   441 | D:1      | Reached XP level 3. HP: 27/27 MP: 3/3
   444 | D:1      | Reached skill level 4 in Unarmed Combat
  1223 | D:2      | Noticed Robin
  1602 | D:2      | Reached XP level 4. HP: 31/33 MP: 4/4
  1957 | D:2      | Killed Robin
  2156 | D:3      | Found a blossoming altar of Fedhas.
  2542 | D:3      | Reached XP level 5. HP: 39/39 MP: 5/5
  2568 | D:3      | Reached skill level 5 in Unarmed Combat
  2920 | D:3      | HP: 2/40 [constriction (1)]
  2920 | D:3      | Slain by an adder

Illustrated notes

Levels and vault maps discovered:
D:1:      scummos_arrival_forest, layout_loops_ring
D:2:      layout_loops_corners, uniq_robin
D:3:      minmay_recursive_quarters, layout_loops_ring, fedhas_altar_1

Skill      XL: |  1  2  3  4  5 |
---------------+----------------+-----
Dodging        | 3 4 |  4.1
Unarmed Combat | 4 5 |  5.1
Fighting       | 2 |  2.8
Shapeshifting  | |  4.0

Action                     |  1- 3 |  4- 6 || total
---------------------------+-------+-------++-------
  Melee: Unarmed           |    92 |    83 ||   175
         Punch             |     4 |     3 ||     7
    Use: Potion            |       |     2 ||     2
   Stab: Sleeping          |     4 |     1 ||     5
 Armour: Animal skin       |    13 |    14 ||    27
  Dodge: Dodged            |    53 |    56 ||   109

Table legend: (Time is in decaauts)
 A = Elapsed time spent in this place.
 B = Non-inter-level travel time spent in this place.
 C = Inter-level travel time spent in this place.
 D = Time resting spent in this place.
 E = Time spent auto-exploring this place.
 F = Levels seen in this place.
 G = Mean time per level.
                   A        B        C        D        E       F      G
               +--------+--------+--------+--------+--------+-----+--------+
         Total |   2908 |   2886 |     22 |    569 |   1811 |   3 |  969.3 |
       Dungeon |   2908 |   2886 |     22 |    569 |   1811 |   3 |  969.3 |
               +--------+--------+--------+--------+--------+-----+--------+

Top non-repeatable levels by time:
     D:1: 1036 daAuts
     D:2: 1010 daAuts
     D:3: 862 daAuts
